 Dungeon Crawl Stone Soup version 0.30-a0-986-g7f2e898f52 (webtiles) character file.

Game seed: 8566312212171919589

6046 sasquatch the Severer (level 10, -5/104 HPs)
             Began as a Hill Orc Monk on Apr 1, 2023.
             Was a High Priest of Beogh.
             Engulfed by a fire crab's flame (21 damage)
             ... on level 8 of the Dungeon.
             The game lasted 00:19:20 (9430 turns).

sasquatch the Severer (Hill Orc Monk)               Turns: 9430, Time: 00:19:21

Health: -5/104     AC: 12    Str: 19    XL:     10   Next: 87%
Magic:  10/10      EV: 11    Int: 10    God:    Beogh [*****.]
Gold:   455        SH:  0    Dex: 13    Spells: 9/9 levels left

rFire   . . .      SeeInvis .    b - +0 battleaxe (flame)
rCold   . . .      Faith    .    (shield currently unavailable)
rNeg    . . .      Spirit   .    f - +0 ring mail
rPois   +          Reflect  .    i - +0 helmet
rElec   .          Rampage  .    H - +0 cloak
rCorr   .                        g - +0 pair of gloves
Will    .....                    (no boots)
Stlth   +                        (no amulet)
HPRegen 0.37/turn                B - +4 ring of protection
MPRegen 0.12/turn                q - ring of poison resistance

@: studying Fighting
A: walk on water
a: Renounce Religion, Smiting, Recall Orcish Followers, Give Item to Named
Follower


You were on level 8 of the Dungeon.
You worshipped Beogh.
Beogh was extremely pleased with you.
You visited 1 branch of the dungeon, and saw 10 of its levels.
You also visited: Sewer.

You collected 455 gold pieces.

Inventory:

Hand Weapons
 a - a +0 hand axe
 b - a +0 battleaxe of flaming (weapon)
Missiles
 d - 17 poisoned darts (quivered)
 C - 2 curare-tipped darts
Armour
 f - a +0 ring mail (worn)
 g - a +0 pair of gloves (worn)
 i - a +0 helmet (worn)
 m - the +1 leather armour of Inviolability {Rampage rCorr Str-3 Stlth+}
   (You found it on level 5 of the Dungeon)

   Str:       It affects your strength (-3).
   rCorr:     It protects you from acid and corrosion.
   Rampage:   It bestows one free step when moving towards enemies.
   Stlth:     It makes you more stealthy.
 H - a +0 cloak (worn)
Jewellery
 j - a ring of positive energy
 k - a ring of flight
 q - a ring of poison resistance (right hand)
 t - a +4 ring of protection
 B - a +4 ring of protection (left hand)
Wands
 l - a wand of polymorph (10)
 s - a wand of roots (5)
 y - a wand of flame (26)
Scrolls
 h - a scroll of immolation
 r - a scroll of teleportation
 u - 3 scrolls of amnesia
 w - a scroll of vulnerability
 J - 4 scrolls of identify
Potions
 e - a potion of resistance {unknown}
 n - 5 potions of curing
 o - 2 potions of lignification {unknown}
 p - a potion of flight
 v - 2 potions of might
 x - 3 potions of mutation
 z - 3 potions of haste
 A - 3 potions of heal wounds {unknown}
 D - a potion of cancellation {unknown}
 E - a potion of invisibility
 F - a potion of magic {unknown}
 G - 2 potions of brilliance {unknown}
 I - a potion of attraction {unknown}


   Skills:
 + Level 14.5 Fighting
 * Level 17.6 Axes
 - Level 2.4 Dodging
 - Level 1.5 Stealth


You had 9 spell levels left.
You didn't know any spells.
Your spell library contained the following spells:

 Spells                   Type           Power      Damage    Failure   Level
 Apportation              Tloc           0%         N/A       54%         1
 Magic Dart               Conj           0%         1d3       54%         1
 Necrotise                Necr           0%         1d4       54%         1
 Summon Small Mammal      Summ           0%         N/A       54%         1
 Call Imp                 Summ           0%         N/A       69%         2
 Lesser Beckoning         Tloc           0%         N/A       69%         2
 Call Canine Familiar     Summ           0%         N/A       89%         3
 Gell's Gravitas          Tloc           0%         N/A       89%         3
 Mephitic Cloud           Conj/Pois/Air  0%         N/A       89%         3
 Portal Projectile        Hex/Tloc       0%         N/A       89%         3
 Teleport Other           Tloc           0%         N/A       89%         3
 Leda's Liquefaction      Hex/Erth       0%         N/A       100%        4


Dungeon Overview and Level Annotations

Branches:
Dungeon (10/15)            Temple (0/1) D:4            Lair (0/5) D:8
  Sewer (visited)
    Orc: D:9-12

Altars:
Ashenzari
Cheibriados
Gozag
Okawaru
Qazlal
Ru
Wu Jian

Shops:
D:9 *


Message History

The water moccasin dies!
Beogh accepts your kill.
Marbork looks more experienced.
No target in view!
Marbork points at the fire crab and mumbles some strange words.
The fire crab easily resists.
A fire crab is nearby!
The fire crab breathes flames at you.
The blast of flame engulfs you but does no damage.
Marbork is engulfed in blazing flames.
You are engulfed in blazing flames.
The fire crab bites you but does no damage.
The fire crab claws you.
You are engulfed in flames!
Marbork is engulfed in blazing flames.
Marbork dies!
Your orc wizard gestures wildly while chanting.
Your orc wizard flickers and vanishes for a moment.
You hit the fire crab but do no damage.
You are engulfed in blazing flames.
The fire crab breathes flames at you. The blast of flame misses you.
Unknown command.
You slice the fire crab!!
The fire crab is heavily wounded.
You are engulfed in blazing flames.
Bogric is engulfed in blazing flames.
The fire crab breathes flames at you.
The blast of flame engulfs you but does no damage.
Unknown command.
You slice the fire crab!!
The fire crab is almost dead.
You are engulfed in blazing flames.
* * * LOW HITPOINT WARNING * * *
Your orc wizard no longer looks unusually strong.
The fire crab bites you.
* * * LOW HITPOINT WARNING * * *
You are engulfed in flames!
* * * LOW HITPOINT WARNING * * *
The fire crab claws you but does no damage.
Unknown command.
You feel better.
You are engulfed in blazing flames.
You die...

......o...#.# **,*,⌠,
.##<......#.# *## *,⌠,*,,
.......#<##.######.# **,*,*,
..####.#...........# ****,*,⌠,*
.,* #.#..#.#..###.# *,,**,*,*,
,,* #.#..#........# *,,*,⌠,*,⌠
,,* #.#......[....#** *,,**,*,*,
,,* #.#..####...).+,* *,,***,⌠,*
,,* #.##.# #°o@o°#,* *,,**,*,*,
,,***#....# #°°°t°#,* *,,**,,*,⌠
,,,,***##** #.°°°°#,***,,**,*,*,
,,,,** #.....#,,,,,,***,⌠,*
,,,,,********####...,,,,,,* **,,,
,,,,,,,,,,,,,,,,*.###,,,,,*****++
,,,,,,,,*******,*.#**,,,,,,,,,,,,
,,,,,,,,,,,,,,,,,..,,,,,,,,,,,,,,
,***,,,,*******,*******,,,,,,,,,,


You could see a fire crab (ally target), the friendly Bogric the orc knight and
a friendly orc wizard (invisible).

Vanquished Creatures
  A boulder beetle (D:9)
  A two-headed ogre (D:10)
  Maurice (D:8)
  A kobold demonologist (D:9)
  Prince Ribbit (D:5)
  A slime creature (D:9)
  A wyvern (D:9)
  A steam dragon (D:9)
  4 water moccasins
  An ice beast (D:8)
  A swamp drake (D:4)
  2 ogres
  2 black bears
  A phantom (D:5)
  2 centaurs
  5 kobold brigands
  2 bullfrogs
  A scorpion (D:5)
  3 wights
  10 killer bees
  3 howler monkeys
  A gnoll bouda (D:7)
  A jelly (D:4)
  An orc priest (D:8)
  A hound (D:4)
  A sleepcap (D:5)
  3 iguanas
  4 orc wizards
  A mummy (D:9)
  12 adders
  5 gnolls (D:7)
  11 river rats
  2 shadow imps
  A white imp (D:7)
  An ufetubus (D:5)
  4 worms
  4 dart slugs
  8 orcs
  9 endoplasms
  3 giant cockroaches
  12 goblins
  8 hobgoblins
  5 jackals
  34 kobolds
  A quokka (D:2)
  19 ball pythons
  11 bats
  5 frilled lizards
  24 rats
237 creatures vanquished.

Vanquished Creatures (collateral kills)
  A cyclops (D:8)
  A wyvern (D:5)
  A water moccasin (D:8)
  A black bear (D:6)
  2 wights (D:7)
  3 killer bees
  An adder (D:9)
  A white imp (D:7)
  3 orcs (D:8)
  2 goblins (D:7)
16 creatures vanquished.

Vanquished Creatures (others)
  An orc warrior (D:9)
  4 orc wizards
  A killer bee (D:8)
  2 orc priests (D:8)
  6 orcs
14 creatures vanquished.

Grand Total: 267 creatures vanquished

Notes
Turn   | Place    | Note
-------+----------+-------------------------------------------
     0 | D:1      | sasquatch the Hill Orc Monk began the quest for the Orb.
     0 | D:1      | Reached XP level 1. HP: 19/19 MP: 1/1
   236 | D:1      | Reached XP level 2. HP: 24/26 MP: 2/2
   397 | D:1      | Reached skill level 5 in Axes
   732 | D:1      | Reached XP level 3. HP: 31/31 MP: 3/3
  1079 | D:2      | Reached skill level 6 in Axes
  1491 | D:2      | Reached XP level 4. HP: 39/39 MP: 4/4
  1677 | D:2      | Became a worshipper of Beogh the Brigand
  1677 | D:2      | Reached * piety under Beogh
  1677 | D:2      | Reached ** piety under Beogh
  2334 | D:3      | Reached skill level 7 in Axes
  2441 | D:3      | Found an opulent altar of Gozag.
  2684 | D:3      | Found an iron altar of Okawaru.
  3015 | D:4      | Reached XP level 5. HP: 45/45 MP: 5/5
  3182 | D:4      | Reached skill level 8 in Axes
  3246 | D:4      | Noticed an ice beast
  3321 | D:4      | an ice beast changed into a swamp drake
  3321 | D:4      | Noticed a swamp drake
  3337 | D:4      | Killed a swamp drake
  3338 | D:4      | Reached skill level 9 in Axes
  3338 | D:4      | Reached XP level 6. HP: 35/51 MP: 6/6
  3453 | D:4      | Found a staircase to the Ecumenical Temple.
  3585 | D:4      | Reached *** piety under Beogh
  3600 | D:4      | Found a glowing drain.
  3607 | Sewer    | Entered a sewer
  3691 | Sewer    | Reached skill level 5 in Fighting
  3691 | Sewer    | Reached XP level 7. HP: 49/61 MP: 7/7
  4112 | Sewer    | Reached **** piety under Beogh
  4181 | Sewer    | Reached skill level 10 in Axes
  4860 | D:4      | Found a sacrificial altar of Ru.
  5089 | D:5      | Entered Level 5 of the Dungeon
  5098 | D:5      | Identified a scroll of acquirement
  5098 | D:5      | Acquired a +0 battleaxe of flaming
  5225 | D:5      | Noticed a wyvern
  5555 | D:5      | Reached XP level 8. HP: 58/75 MP: 8/8
  5771 | D:5      | Reached skill level 11 in Axes
  5841 | D:5      | Noticed Prince Ribbit
  5852 | D:5      | Killed Prince Ribbit
  5994 | D:5      | Found an ornate altar of the Wu Jian Council.
  6075 | D:5      | Identified the +1 leather armour of Inviolability {Rampage
                  | rCorr Str-3 Stlth+}
  6099 | D:5      | Identified the +1 robe of Vlad {Int+3}
  6113 | D:5      | Identified the +1 short sword "Lefoetif" {freeze, rF+ rC+
                  | Int+8 Dex-3}
  6151 | D:5      | Reached skill level 12 in Axes
  6305 | D:5      | Killed a wyvern
  6306 | D:5      | Reached skill level 10 in Fighting
  6456 | D:6      | Reached skill level 13 in Axes
  6592 | D:6      | Reached XP level 9. HP: 85/85 MP: 9/9
  6605 | D:6      | Found a stormy altar of Qazlal.
  7061 | D:7      | You fall into a shaft and drop 3 floors!
  7061 | D:10     | Entered Level 10 of the Dungeon
  7090 | D:10     | Noticed a two-headed ogre
  7104 | D:10     | Killed a two-headed ogre
  7105 | D:10     | Reached skill level 14 in Axes
  7375 | D:9      | Noticed a kobold demonologist
  7398 | D:9      | Killed a kobold demonologist
  7399 | D:9      | Reached skill level 15 in Axes
  7485 | D:9      | Found a snail-covered altar of Cheibriados.
  7633 | D:9      | Noticed a rakshasa
  7660 | D:9      | Reached XP level 10. HP: 58/99 MP: 10/10
  7707 | D:9      | Reached skill level 16 in Axes
  7716 | D:9      | Identified the +8 trident "Igumpeuck" {drain, *Corrode
                  | Will++ Int+2 Stlth+}
  7716 | D:9      | Noticed a deep elf pyromancer
  7754 | D:9      | Noticed a boulder beetle
  7771 | D:9      | Killed a boulder beetle
  7923 | D:9      | Found Jakkuschi's Serpentskin Sales.
  7942 | D:9      | Noticed a centaur warrior
  7945 | D:8      | Noticed a fire crab
  7945 | D:8      | Noticed Maurice
  7945 | D:8      | Found a staircase to the Lair.
  7947 | D:8      | Noticed a cyclops
  7959 | D:8      | Found a broken altar of Ashenzari.
  7984 | D:8      | Gained Bogric as an ally
  7991 | D:8      | Killed a cyclops
  7993 | D:8      | Killed Maurice
  7994 | D:8      | Reached skill level 17 in Axes
  8175 | D:7      | Gained Marbork as an ally
  8184 | D:7      | Reached ***** piety under Beogh
  9426 | D:8      | Your ally Marbork died
  9430 | D:8      | Engulfed by a fire crab's flame

Illustrated notes

Levels and vault maps discovered:
D:1:      amcnicky_arrival_feature_with_door, layout_basic
D:2:      layout_loops_ring, grunt_ministairs_4
D:3:      minmay_diamond_boxcup, layout_basic, mainiacjoe_overflow_tiny_flanked,
          nicolae_overflow_hidden_temple
D:4:      minmay_wonky_spiral, layout_loops_cross,
          nicolae_ru_great_annihilating_truth, minmay_temple_entry_wispy,
          lightli_sewer_entry_pipes, minmay_manual_moon
D:5:      layout_basic, mainiacjoe_overflow_catwalk, uniq_prince_ribbit1
D:6:      layout_basic, mainiacjoe_overflow_alcove_2
D:7:      layout_layer_cave, enter_bailey_3
D:8:      layout_basic, kennysheep_vampire_church, old_standard_altar,
          minmay_lair_entry_lava, amethyst_killhole, uniq_maurice, uniq_grum
D:9:      minmay_the_grid_net [minmay_the_grid_all_tris, minmay_the_grid_box_x,
          minmay_the_grid_paths, minmay_the_grid_large_cup,
          minmay_the_grid_holed_spiral, minmay_the_grid_prize_trominoes],
          layout_basic, slow_altar_2, mainiacjoe_overflow_alcove_1,
          guppyfry_shop_venom
D:10:     layout_loops_ring, makhleb_altar_promises_db, zin_statuary,
          mainiacjoe_overflow_surrounded_room, kennysheep_orc_sif_temple,
          kennysheep_boxes

Skill      XL: |  1  2  3  4  5  6  7  8  9 10 |
---------------+-------------------------------+-----
Axes           | 5 6 7 9 10 13 15 17 | 17.6
Fighting       | 5 8 10 12 14 | 14.5
Dodging        | |  2.4
Stealth        | |  1.5

Action                     |  1- 3 |  4- 6 |  7- 9 | 10-12 || total
---------------------------+-------+-------+-------+-------++-------
  Melee: Hand axe          |   145 |   262 |   216 |       ||   623
         Punch             |       |     1 |     4 |       ||     5
         Battleaxe         |       |       |   161 |    88 ||   249
         Unarmed           |       |       |       |     4 ||     4
  Throw: Dart              |       |     3 |     5 |     9 ||    17
 Invoke: Convert to Beogh  |       |     1 |       |       ||     1
         Smiting           |       |       |     1 |       ||     1
         Give Item to Name |       |       |       |     1 ||     1
  Evoke: Wand              |       |     3 |     4 |       ||     7
    Use: Scroll            |       |     6 |    12 |     2 ||    20
         Potion            |       |       |       |     3 ||     3
   Stab: Sleeping          |     1 |     3 |       |       ||     4
         Paralysed         |       |       |     1 |       ||     1
         Distracted        |       |       |     1 |       ||     1
         Invisible         |       |       |       |     7 ||     7
         Confused          |       |       |       |     1 ||     1
 Armour: Robe              |     1 |       |       |       ||     1
         Ring mail         |    56 |    89 |   182 |    55 ||   382
         Skin              |       |       |       |     8 ||     8
  Dodge: Dodged            |    83 |   123 |   211 |    99 ||   516

Table legend: (Time is in decaauts)
 A = Elapsed time spent in this place.
 B = Non-inter-level travel time spent in this place.
 C = Inter-level travel time spent in this place.
 D = Time resting spent in this place.
 E = Time spent auto-exploring this place.
 F = Levels seen in this place.
 G = Mean time per level.
                   A        B        C        D        E       F      G
               +--------+--------+--------+--------+--------+-----+--------+
         Total |   9400 |   9071 |    329 |    259 |   6880 |  11 |  854.5 |
       Dungeon |   8387 |   8058 |    329 |    259 |   6171 |  10 |  838.7 |
         Sewer |   1013 |   1013 |      0 |      0 |    708 |   1 | 1013.0 |
               +--------+--------+--------+--------+--------+-----+--------+

Top non-repeatable levels by time:
     D:4: 1438 daAuts
     D:7: 1299 daAuts
     D:3: 1131 daAuts
     D:1: 1040 daAuts
   Sewer: 1013 daAuts
     D:5: 954 daAuts
     D:2: 831 daAuts
     D:9: 718 daAuts
     D:6: 604 daAuts
     D:8: 209 daAuts
    D:10: 160 daAuts
